 Dungeon Crawl Stone Soup version 0.30-a0-1018-g25214051b3 (webtiles) character file.

Game seed: 15394397397378198785

256 MengasLaw the Slasher (level 5, -20/47 HPs)
             Began as a Minotaur Fighter on Apr 7, 2023.
             Was a Priest of Wu Jian.
             Killed by an exploding orc (22 damage)
             ... ignited by their inner flame
             ... on level 4 of the Dungeon.
             The game lasted 00:21:10 (2424 turns).

MengasLaw the Slasher (Minotaur Fighter)            Turns: 2424, Time: 00:21:10

Health: -20/47     AC:  9    Str: 23    XL:     5   Next: 92%
Magic:  4/4        EV:  8    Int:  5    God:    Wu Jian [***...]
Gold:   198        SH:  4    Dex:  9    Spells: 4/4 levels left

rFire   . . .      SeeInvis .    a - +0 long sword
rCold   . . .      Faith    .    c - +0 buckler
rNeg    . . .      Spirit   .    l - +0 chain mail
rPois   .          Reflect  .    (helmet restricted)
rElec   .          Rampage  .    (no cloak)
rCorr   .                        (no gloves)
Will    .....                    (no boots) Stlth
                                 (no amulet)
HPRegen 0.27/turn                (no ring)
MPRegen 0.09/turn                (no ring)

@: no status effects
A: horns 2, retaliatory headbutt
a: Renounce Religion, Wall Jump, Serpent's Lash


You were on level 4 of the Dungeon.
You worshipped Wu Jian.
Wu Jian was most pleased with you.
You visited 1 branch of the dungeon, and saw 4 of its levels.

You collected 198 gold pieces.

Inventory:

Hand Weapons
 a - a +0 long sword (weapon)
 j - a +0 dagger
 v - a +0 dagger of electrocution
Missiles
 t - 6 boomerangs (quivered)
Armour
 b - a +0 scale mail
 c - a +0 buckler (worn)
 e - a +0 helmet
 l - a +0 chain mail (worn)
 w - a +1 scale mail of poison resistance
 x - the +5 robe of the Louse {Contam Harm Will+}
   (You found it on level 3 of the Dungeon)

   Contam:    It causes magical contamination when unequipped.
   Harm:      It increases damage dealt and taken.
   Will:      It increases your willpower.
Scrolls
 f - 3 scrolls of blinking {unknown}
 g - a scroll of identify {unknown}
 h - a scroll of enchant armour {unknown}
 k - 2 scrolls of amnesia {unknown}
 n - a scroll of noise {unknown}
 o - a scroll of teleportation {unknown}
 r - a scroll of magic mapping {unknown}
 y - 3 scrolls of vulnerability {unknown}
Potions
 d - a potion of might
 i - 2 potions of ambrosia {unknown}
 p - a potion of berserk rage {unknown}
 q - a potion of resistance {unknown}
 s - 3 potions of curing {unknown}
 u - 2 potions of mutation {unknown}
 z - a potion of haste {unknown}
 A - a potion of invisibility {unknown}


   Skills:
 + Level 4.7 Fighting
 + Level 5.0 Long Blades
 + Level 0.1 Throwing
 + Level 4.6 Armour
 + Level 1.0 Dodging
 + Level 0.1 Stealth
 + Level 4.7 Shields


You had 4 spell levels left.
You didn't know any spells.
Your spell library was empty.

Dungeon Overview and Level Annotations

Branches:
Dungeon (4/15)
 Temple: D:4-7

Altars:
Wu Jian

Shops:
D:2 [


Innate Abilities, Weirdness & Mutations

You have a pair of horns on your head.
You reflexively headbutt those who attack you in melee.


Message History

As you read the scroll labelled LOOTACWEIRI, it crumbles to dust.
The creatures around you are filled with an inner flame!
It was a scroll of immolation.
The quokka twitches its whiskers.
The orc hits you but does no damage.
You barely miss the orc.
The orc is moderately wounded.
You slash the orc! The Council accepts your kill.
The orc explodes!
The fiery explosion engulfs you!
The fiery explosion engulfs the adder!!
You kill the adder!
The Council accepts your kill.
You are engulfed in blazing flames.
A giant cockroach comes into view.
Your Long Blades skill increases to level 5!
You see here an adder corpse.
Something unseen breaks down the door.
You lunge at the orc, but your attack speed is too slow for a blow to land.
The orc hits you but does no damage.
The quokka twitches its whiskers.
You slash the orc! The Council accepts your kill.
The orc explodes!
The fiery explosion engulfs the orc!!
The Council accepts your kill. The fiery explosion engulfs you!!
* * * LOW HITPOINT WARNING * * *
The fiery explosion engulfs the orc!!
The Council accepts your kill.
The orc explodes!
The fiery explosion engulfs the quokka!!!
The Council accepts your kill. x2
You feel a bit more experienced.
The fiery explosion engulfs the orc!!
The Council accepts your kill.
The orc explodes!
You hear an explosion!
The quokka explodes!
The orc explodes!
The fiery explosion engulfs you!!
You die...

### #.# #.# #####.###
## ...#... ..
#####.#.####.#
######............##.
........§§<§.§.......
.......§@§§§)...#.##.
.##.#..§§#§#§##.#
#..§§§.§§o#.#
......§§§.§.# #
#.#..##..B.... #.#..
........ .
....$....#... .
.#.####+#+#..B.


You could see a giant cockroach.

Vanquished Creatures
  2 orc priests (D:3)
  2 orc wizards (D:3)
  A gnoll (D:1)
  4 adders
  A worm (D:2)
  A dart slug (D:3)
  13 orcs
  6 endoplasms
  3 giant cockroaches
  12 goblins
  12 hobgoblins
  4 jackals (D:1)
  3 kobolds
  5 quokkas
  6 ball pythons
  4 bats
  5 frilled lizards
  4 rats
88 creatures vanquished.

Notes
Turn   | Place    | Note
-------+----------+-------------------------------------------
     0 | D:1      | MengasLaw the Minotaur Fighter began the quest for the Orb.
     0 | D:1      | Reached XP level 1. HP: 19/19 MP: 0/0
   193 | D:1      | Reached XP level 2. HP: 27/27 MP: 1/1
   275 | D:1      | Found a faded altar of an unknown god.
   306 | D:1      | Prayed at the altar of an unknown god.
   306 | D:1      | Became a worshipper of the Wu Jian Council
   306 | D:1      | Reached * piety under Wu Jian
   407 | D:1      | Reached XP level 3. HP: 33/33 MP: 2/2
   939 | D:2      | Reached ** piety under Wu Jian
  1090 | D:2      | Found Cafigugirph's Antique Armour Shop.
  1101 | D:2      | Reached skill level 3 in Long Blades
  1130 | D:2      | Reached XP level 4. HP: 41/41 MP: 3/3
  1477 | D:3      | Reached skill level 4 in Long Blades
  1477 | D:3      | Reached XP level 5. HP: 40/47 MP: 4/4
  1711 | D:3      | Identified the +5 robe of the Louse {Contam Harm Will+}
  1902 | D:3      | Reached skill level 1 in Dodging
  2091 | D:3      | Reached *** piety under Wu Jian
  2419 | D:4      | Reached skill level 5 in Long Blades
  2424 | D:4      | HP: 2/47 [spore (23)]
  2424 | D:4      | Killed by an exploding orc... ignited by their inner flame

Illustrated notes

Levels and vault maps discovered:
D:1:      dpeg_arrival_solitude, layout_basic, basic_ecumenical_altar,
          minmay_split_cup_large
D:2:      layout_loops_ring, serial_shops, shop_fountains
D:3:      cheibrodos_greedy_goblins, layout_basic, kennysheep_cross_bottleneck
D:4:      minmay_razor_zed, layout_basic, gammafunk_temple_overflow_forgotten,
          guppyfry_shop_venom, uniq_edmund

Skill      XL: |  1  2  3  4  5 |
---------------+----------------+-----
Fighting       | 4 |  4.7
Shields        | 4 |  4.7
Armour         | 4 |  4.6
Long Blades    | 3 4 5 |  5.0
Dodging        | 1 |  1.0
Throwing       | |  0.1
Stealth        | |  0.1

Action                     |  1- 3 |  4- 6 || total
---------------------------+-------+-------++-------
  Melee: Long sword        |    87 |   119 ||   206
         Headbutt          |    10 |    16 ||    26
  Throw: Boomerang         |     2 |       ||     2
Ability: Lunge             |     5 |     4 ||     9
         Whirlwind         |       |     1 ||     1
    Use: Potion            |       |     1 ||     1
         Scroll            |       |     1 ||     1
 Armour: Scale mail        |    10 |       ||    10
         Chain mail        |    19 |    66 ||    85
  Dodge: Dodged            |    40 |    40 ||    80
  Block: Buckler           |    13 |    20 ||    33

Table legend: (Time is in decaauts)
 A = Elapsed time spent in this place.
 B = Non-inter-level travel time spent in this place.
 C = Inter-level travel time spent in this place.
 D = Time resting spent in this place.
 E = Time spent auto-exploring this place.
 F = Levels seen in this place.
 G = Mean time per level.
                   A        B        C        D        E       F      G
               +--------+--------+--------+--------+--------+-----+--------+
         Total |   2477 |    626 |   1851 |      0 |      0 |   4 |  619.2 |
       Dungeon |   2477 |    626 |   1851 |      0 |      0 |   4 |  619.2 |
               +--------+--------+--------+--------+--------+-----+--------+

Top non-repeatable levels by time:
     D:3: 1012 daAuts
     D:1: 778 daAuts
     D:2: 668 daAuts
     D:4: 18 daAuts
